 Dungeon Crawl Stone Soup version 0.18.1-48-g4cf74bf (webtiles) character file.

508 boogeech the Cudgeler (level 6, 0/48 HPs)
             Began as a Demonspawn Gladiator on June 28, 2016.
             Was an Initiate of Okawaru.
             Succumbed to an orc priest's poison
             ... on level 4 of the Dungeon.
             The game lasted 00:10:50 (4297 turns).

boogeech the Cudgeler (Demonspawn Gladiator)        Turns: 4297, Time: 00:10:51

Health: 0/48       AC:  7    Str: 16    XL:     6   Next: 98%
Magic:  9/9        EV: 12    Int: 10    God:    Okawaru [......]
Gold:   122        SH:  0    Dex: 14    Spells: 0 memorised, 9 levels left

rFire  . . .     SeeInvis .     a - +0 flail
rCold  . . .     Gourm    +     l - +0 ring mail
rNeg   . . .     Faith    .     (no shield)
rPois  .         Spirit   .     c - +0 helmet
rElec  .         Dismiss  .     (no cloak)
rCorr  .         Reflect  .     (no gloves)
SustAt .         Harm     .     g - +0 pair of boots (curse)
MR     .....                    u - amulet of the gourmand
Stlth  +.........               (no ring)
                                (no ring)

@: lethally poisoned (0 -> -2), exhausted, slowed, very slow, not resistant to
hostile enchantments, very unstealthy
A: claws 2
a: Renounce Religion


You were on level 4 of the Dungeon.
You worshipped Okawaru.
Okawaru was noncommittal.
You were not hungry.

You visited 1 branch of the dungeon, and saw 4 of its levels.

You collected 122 gold pieces.

Inventory:

Hand Weapons
 a - a +0 flail (weapon)
 q - a +0 hunting sling of velocity
Missiles
 d - 4 throwing nets (quivered)
 p - 50 sling bullets
Armour
 b - a +0 leather armour
 c - a +0 helmet (worn)
 g - a cursed +0 pair of boots (worn)
 l - a +0 ring mail (worn)
 v - a +0 buckler
Jewellery
 u - an amulet of the gourmand (around neck)
Scrolls
 e - 3 scrolls of identify {unknown}
 i - a scroll of enchant armour {unknown}
 k - a scroll of teleportation {unknown}
 m - a scroll of blinking {unknown}
 o - 2 scrolls of remove curse {unknown}
 s - 2 scrolls of enchant weapon {unknown}
Potions
 h - a potion of brilliance
Books
 w - a book of Dreams

   Spells                             Type                      Level
   a - Ensorcelled Hibernation        Hexes/Ice                    2
   b - Silence                        Hexes/Air                    5
   c - Darkness                       Hexes                        6
   d - Shadow Creatures               Summoning                    6
Comestibles
 f - 4 bread rations


   Skills:
 * Level 3.8 Fighting
 * Level 4.2 Maces & Flails
 - Level 1.7 Throwing
 + Level 1.8 Armour
 * Level 4.1 Dodging
 + Level 1.7 Stealth
 + Level 2.1 Spellcasting


You had 9 spell levels left.
You didn't know any spells.

Dungeon Overview and Level Annotations

Branches:
Dungeon (4/15)
 Temple: D:4-7

Altars:
Ashenzari
Dithmenos
Okawaru


Innate Abilities, Weirdness & Mutations

You have very sharp fingernails.


Message History

Okawaru accepts your kill.
You are too berserk!
You are too berserk!
Items here: ))) [[ † You feel a strong urge to attack something.
You are no longer berserk.
You are exhausted.
You feel yourself slow down.
* * * LOW HITPOINT WARNING * * *
You feel sick.
You see here a scroll labeled VEUJUTTAPEC.
You feel a craving for the dungeon's cuisine.
u - an amulet of the gourmand (around neck) Eat which item? (? for menu, Esc to quit)
Okay, then.
Read which item? (? for menu, Esc to quit)
As you read the scroll labeled SAVAFR VOUBUC, it crumbles to dust.
You assume a fearsome visage.
Nothing appears to happen.
It was a scroll of fear.
You die...

.. #.# #.# #.# #.#
##.## ##...##
#.####.@...###.#
#....)?..)>....#
######....$###....
##...## # ##.##
#<# #.....(.#
#########


There were no monsters in sight!

Vanquished Creatures
  The ghost of Thrillho the Changer, an amateur OpTm (D:3)
  3 orc priests
  A hound (D:3)
  3 orc wizards
  4 gnolls (D:3)
  8 adders
  An ooze (D:3)
  A worm (D:3)
  A dart slug (D:1)
  2 giant geckos
  3 orcs (D:3)
  5 giant cockroaches
  7 hobgoblins
  A quokka (D:2)
  4 ball pythons
  8 bats
  5 giant newts
  9 goblins
  10 kobolds
  8 rats
85 creatures vanquished.

Notes
Turn   | Place    | Note
--------------------------------------------------------------
     0 | D:1      | boogeech the Demonspawn Gladiator began the quest for the Orb.
     0 | D:1      | Reached XP level 1. HP: 16/16 MP: 1/1
   411 | D:1      | Gained mutation: You have sharp fingernails. [demonic ancestry]
   411 | D:1      | Reached XP level 2. HP: 23/23 MP: 2/2
  1118 | D:2      | Gained mutation: You have very sharp fingernails. [demonic ancestry]
  1118 | D:2      | Reached XP level 3. HP: 21/28 MP: 4/4
  1609 | D:2      | Reached skill level 1 in Spellcasting
  1775 | D:2      | Found an iron altar of Okawaru.
  2017 | D:2      | Found a shadowy altar of Dithmenos.
  2025 | D:2      | Reached XP level 4. HP: 34/34 MP: 5/5
  2039 | D:2      | You fall through a shaft for 2 floors!
  2249 | D:3      | Noticed Thrillho's ghost (amateur OpTm)
  2264 | D:3      | Killed Thrillho's ghost
  2264 | D:3      | Reached skill level 1 in Armour
  2264 | D:3      | Reached skill level 1 in Stealth
  2264 | D:3      | Reached XP level 5. HP: 34/41 MP: 5/7
  3058 | D:2      | Found a shattered altar of Ashenzari.
  3159 | D:2      | Became a worshipper of Warmaster Okawaru
  3219 | D:3      | Reached XP level 6. HP: 40/47 MP: 8/8
  3476 | D:3      | HP: 2/70 [giant newt (2)]
  4288 | D:4      | HP: 3/72 [orc priest/short sword of venom (3)]
  4291 | D:4      | HP: 1/72 [poisoned by an orc priest]
  4297 | D:4      | Succumbed to an orc priest's poison

Skill      XL: |  1  2  3  4  5  6 |
---------------+-------------------+-----
Maces & Flails | 3 4 |  4.2
Dodging        | 3 4 |  4.1
Spellcasting   | 1 2 |  2.1
Fighting       | 3 |  3.8
Armour         | 1 |  1.8
Stealth        | 1 |  1.7
Throwing       | |  1.7

Action                   |  1- 3 |  4- 6 || total
-------------------------+-------+-------++-------
Melee: Flail             |   160 |   157 ||   317
 Fire: Hunting sling     |     4 |     7 ||    11
  Use: Potion            |       |     5 ||     5
       Scroll            |       |     1 ||     1
  Eat: Chunk             |     3 |     2 ||     5
       Fruit             |     1 |     4 ||     5
       Pizza             |       |     1 ||     1
       Meat ration       |       |     1 ||     1
Armor: Leather armour    |     4 |       ||     4
       Ring mail         |    92 |    77 ||   169
Dodge: Dodged            |   158 |   123 ||   281
